 Dungeon Crawl Stone Soup version 0.29.0 (webtiles) character file.

Game seed: 10463299931055124384

11 MsFixIt the Trooper (level 2, 0/26 HPs)
             Began as a Draconian Berserker on Sept 1, 2022.
             Was a Follower of Trog.
             Frozen to death by an endoplasm (2 damage)
             ... on level 2 of the Dungeon on Sept 10, 2022.
             The game lasted 00:07:04 (144 turns).

MsFixIt the Trooper (Draconian Berserker)            Turns: 144, Time: 00:07:05

Health: 0/26       AC:  4    Str: 19    XL:     2   Next: 13%
Magic:  2/2        EV: 12    Int:  7    God:    Trog [*.....]
Gold:   5          SH:  0    Dex: 10    Spells: 1/1 levels left

rFire   . . .      SeeInvis .   a - +0 falchion
rCold   . . .      Faith    .   (no shield)
rNeg    . . .      Spirit   .   (body armour unavailable)
rPois   .          Reflect  .   (helmet restricted)
rElec   .          Harm     .   (no cloak)
rCorr   .          Rampage  .   (no gloves)
Will    .....                   (no boots)
Stlth   +.........              (no amulet)
HPRegen 0.08/turn               (no ring)
MPRegen 0.08/turn               (no ring)

@: no status effects
A: AC +4, unfitting armour, cold-blooded
a: Renounce Religion, Berserk


You were on level 2 of the Dungeon.
You worshipped Trog.
Trog was aware of your devotion.
You visited 1 branch of the dungeon, and saw 3 of its levels.

You collected 5 gold pieces.

Inventory:

Hand Weapons
 a - a +0 falchion (weapon)
 b - a +0 dagger
Armour
 f - a +0 ring mail
Wands
 d - a wand of polymorph (3)
Scrolls
 e - a scroll of immolation {unknown}
Potions
 c - a potion of cancellation


   Skills:
 + Level 3.5 Fighting
 + Level 3.2 Long Blades
 + Level 2.9 Dodging


You had one spell level left.
You didn't know any spells.
Your spell library was empty.

Dungeon Overview and Level Annotations

Branches:
Dungeon (3/15)

Altars:


Innate Abilities, Weirdness & Mutations

Your plain brown scales are hard. (AC +4)
You cannot fit into any form of body armour.
You are cold-blooded and may be slowed by cold attacks.


Message History

Trog accepts your kill. The endoplasm freezes you.
You are frozen.
* * * LOW HITPOINT WARNING * * *
You have reached level 2!
Welcome back, MsFixIt the Draconian Berserker.
Trog says: Kill them all!
Press ? for a list of commands and other information.
Welcome back, MsFixIt the Draconian Berserker.
Trog says: Kill them all!
Press ? for a list of commands and other information.
Welcome back, MsFixIt the Draconian Berserker.
Trog says: Kill them all!
Press ? for a list of commands and other information.
The endoplasm closely misses you.
You slash the endoplasm!
You kill the endoplasm!
Trog accepts your kill.
There is a stone staircase leading up here.
There is a stone staircase leading up here.
Unknown command.
You climb upwards.
There is a stone staircase leading down here.
An endoplasm comes into view.
The endoplasm quivers.
You open the large door. The endoplasm closely misses you.
There is a large open door here.
The endoplasm freezes you.
You are frozen.
* * * LOW HITPOINT WARNING * * *
There is a large open door here.
There is a fountain of clear blue water here.
There are no items here.
You hit the endoplasm.
The endoplasm is heavily wounded.
The endoplasm barely misses you. The endoplasm freezes you.
You are frozen.
You die...

#####.#.##>....... .#.#
..............######....
#######.###...+ ......
##...##...# ...#.#
#..'..#...####...#.#
#..#'#............#.#
#..##.##...........#.#
#..##.J.##..#....####.#
#.##..@..##......'.....
..##...+...##..)..#..##.
..#...# #...#.....#.#.#.
+⌠.# #.⌠+.....#.#.#. #.#
#.#.......#?#. ##
##.....#.##..
#.#####..... #. ###...
.? ####


You could see an endoplasm.

Vanquished Creatures
  A dart slug (D:3)
  2 endoplasms
  A giant cockroach (D:2)
  A goblin (D:2)
  A hobgoblin (D:1)
  A frilled lizard (D:2)
  A rat (D:2)
8 creatures vanquished.

Notes
Turn   | Place    | Note
-------+----------+-------------------------------------------
     0 | D:1      | MsFixIt the Draconian Berserker began the quest for the
                  | Orb.
     0 | D:1      | Reached XP level 1. HP: 19/19 MP: 1/1
   113 | D:3      | Reached XP level 2. HP: 2/26 MP: 2/2
   144 | D:2      | Frozen to death by an endoplasm

Illustrated notes

Levels and vault maps discovered:
D:1:      minmay_arrival_five_plusses, layout_loops_ring,
          basic_ecumenical_altar, minmay_indecisive_spiral
D:2:      layout_basic, basic_altar, grunt_decor_arrowhead, eino_tiny_chamber,
          minmay_pentomino_q2
D:3:      layout_loops_cross, grunt_gozag_statues,
          amcnicky_mini_corridor_feature, nrook_loot_triangle, dk_vineyard_1,
          uniq_grinder

Action                   || total
-------------------------++-------
Melee: Falchion          ||    16
       Tailslap          ||     2
  Use: Scroll            ||     1
Armor: Skin              ||     7
Dodge: Dodged            ||    15
